 Dungeon Crawl Stone Soup version 0.23-a0-644-gb60d84b (webtiles) character file.

52 Borgoz the Skirmisher (level 3, -3/33 HPs)
             Began as a Ghoul Abyssal Knight on Jan 1, 2019.
             Was a Follower of Lugonu.
             Slain by Sigmund
             ... wielding a +1 scythe of flaming
              (4 damage)
             ... on level 2 of the Dungeon.
             The game lasted 00:02:39 (1510 turns).

Borgoz the Skirmisher (Ghoul Abyssal Knight)        Turns: 1510, Time: 00:02:40

Health: -3/33      AC:  3    Str: 20    XL:     3   Next: 85%
Magic:  3/3        EV: 11    Int:  7    God:    Lugonu [*.....]
Gold:   95         SH:  0    Dex:  9    Spells: 2/2 levels left

rFire    + . .     SeeInvis .   a - +1 hand axe
rCold    + + .     Gourm    .   (no shield)
rNeg     + + +     Faith    .   b - +0 leather armour
rPois    ∞         Spirit   .   (no helmet)
rElec    +         Reflect  .   (no cloak)
rCorr    +         Harm     .   (no gloves)
MR       .....                  (no boots)
Stlth    +.........             (no amulet)
HPRegen  0.00/turn              (no ring)
MPRegen  0.08/turn              (no ring)

@: mighty, resistant, rotting
A: rotting body, claws 1, carnivore, cold resistance 1, negative energy
resistance 3, inhibited regeneration, torment resistance, unbreathing
a: Depart the Abyss, Renounce Religion


You were on level 2 of the Dungeon.
You worshipped Lugonu.
Lugonu was aware of your devotion.
You were not hungry.

You visited 1 branch of the dungeon, and saw 2 of its levels.
You visited the Abyss 1 time.

You collected 95 gold pieces.

Inventory:

Hand Weapons
 a - a +1 hand axe (weapon)
Armour
 b - a +0 leather armour (worn)
Scrolls
 e - a scroll of immolation {unknown}
 f - 7 scrolls of identify {unknown}
 h - a scroll of noise {unknown}
 j - a scroll of remove curse {unknown}
 k - a scroll of teleportation {unknown}
Comestibles
 c - 3 rations
 l - 7 chunks of flesh


   Skills:
 + Level 3.9 Fighting
 + Level 2.5 Axes
 + Level 2.0 Armour
 + Level 1.5 Dodging
 + Level 2.1 Invocations


You had 2 spell levels left.
You didn't know any spells.
Your spell library was empty.

Dungeon Overview and Level Annotations

Branches:
Dungeon (2/15)

Altars:

Annotations:
D:2 Sigmund


Innate Abilities, Weirdness & Mutations

Your body is rotting away.
You thrive on raw meat.
You are immune to poison.
You have sharp fingernails.
You are carnivorous and can eat meat at any time.
Your flesh is cold resistant. (rC+)
You are immune to negative energy. (rN+++)
You do not regenerate when monsters are visible.
You are immune to unholy pain and torment.
You can survive without breathing.


Message History

Sigmund hits you but does no damage.
You slash Sigmund!
Sigmund is almost dead.
Sigmund barely misses you.
You barely miss Sigmund.
Sigmund is almost dead.
Sigmund laughs darkly.
Sigmund barely misses you.
You closely miss Sigmund.
Sigmund is almost dead.
Sigmund closely misses you.
You hit Sigmund but do no damage.
Sigmund is almost dead.
You barely miss Sigmund.
Sigmund is almost dead.
Sigmund completely misses you.
You hit Sigmund.
Sigmund is almost dead.
Sigmund hits you with a +1 scythe of flaming.
You die...

...# #......... ...#
#......... ...#
#......... ...#
##.....(... ####
#..........
########...#########
....................
#######.........@#
#.....'.........@+
#.#####..[.......#
#.# #..........# #.#
#..........# #.#
#.[......[.# #.#
#..........# #.#
############ #.# ..#


You could see Sigmund.

Vanquished Creatures
  A gnoll (D:1)
  An ooze (D:2)
  A dart slug (D:2)
  5 giant cockroaches
  8 goblins
  5 hobgoblins
  5 bats (D:1)
  A frilled lizard (D:2)
  6 kobolds
  A rat (D:2)
34 creatures vanquished.

Notes
Turn   | Place    | Note
-------+----------+-------------------------------------------
     0 | Abyss:1  | Borgoz the Ghoul Abyssal Knight began the quest for the
                  | Orb.
     0 | Abyss:1  | Reached XP level 1. HP: 19/19 MP: 1/1
    60 | Abyss:1  | Noticed a purple very ugly thing
    72 | D:1      | Escaped the Abyss
   427 | D:2      | Reached skill level 1 in Dodging
   432 | D:2      | Reached XP level 2. HP: 15/26 MP: 2/2
   657 | D:1      | Reached * piety under Lugonu
   700 | D:1      | Reached XP level 3. HP: 21/33 MP: 3/3
  1494 | D:2      | Noticed Sigmund
  1501 | D:2      | HP: 1/33 [Sigmund/+1 scythe of flaming (1)]
  1510 | D:2      | Slain by Sigmund

Vault maps used:
D:1:      dpeg_arrival_water_fire
D:2:      uniq_sigmund

Skill      XL: |  1  2  3 |
---------------+----------+-----
Dodging        | 1 |  1.5
Axes           | 2 |  2.5
Armour         | 2 |  2.0
Fighting       | |  3.9
Invocations    | |  2.1

Action                   || total
-------------------------++-------
Melee: Hand axe          ||   104
Invok: Depart the Abyss  ||     1
  Use: Potion            ||     4
  Eat: Chunk             ||     8
Armor: Leather armour    ||    38
Dodge: Dodged            ||    74

Table legend:
 A = Non-vault XP
 B = Vault XP
 C = Vault XP percentage of total XP
 D = Non-vault monster count
 E = Vault monster count
 F = Vault count percentage of total count
                 A         B        C        D         E       F
            +---------+---------+-------+---------+---------+-------
      Total |      75 |       0 |   0.0 |      34 |       0 |   0.0
            +---------+---------+-------+---------+---------+-------
        D:1 |      52 |       0 |   0.0 |      24 |       0 |   0.0
        D:2 |      23 |       0 |   0.0 |      10 |       0 |   0.0
            +---------+---------+-------+---------+---------+-------
